 Dungeon Crawl Stone Soup version 0.28.0-43-g3370ac3207 (webtiles) character file.

Game seed: 13964222689641166286

162 crimpus the Ruffian (level 4, -4/52 HPs)
             Began as a Demigod Transmuter on Mar 8, 2022.
             Killed from afar by a gnoll (6 damage)
             ... with a puff of flame
             ... on level 3 of the Dungeon.
             The game lasted 00:05:58 (2924 turns).

crimpus the Ruffian (Demigod Transmuter)            Turns: 2924, Time: 00:05:58

Health: -4/52      AC:  3    Str: 15    XL:     4   Next: 99%
Magic:  9/9        EV: 12    Int: 15    God:
Gold:   53         SH:  0    Dex: 14    Spells: 6/7 levels left

rFire   . . .      SeeInvis +   f - +10 dagger of Terur {drain, SInv}
rCold   . . .      Faith    .   (no shield)
rNeg    . . .      Spirit   .   a - +0 robe
rPois   .          Reflect  .   (no helmet)
rElec   .          Harm     .   g - +0 cloak
rCorr   .          Rampage  .   (no gloves)
Will    +....                   (no boots)
Stlth   ..........              (no amulet)
HPRegen 0.17/turn               e - ring of willpower
MPRegen 0.11/turn               (no ring)

@: berserking, lit by a corona, glowing, very quick
A: high MP 1, forlorn, divine attributes
a: no special abilities


You were on level 3 of the Dungeon.
You visited 1 branch of the dungeon, and saw 3 of its levels.

You collected 53 gold pieces.

Inventory:

Hand Weapons
 f - the +10 dagger of Terur (weapon) {drain, SInv}
   (You found it on level 2 of the Dungeon)

   A truly terrible weapon, it drains the life of any living foe it strikes.
   SInv:      It lets you see invisible.
Armour
 a - a +0 robe (worn)
 g - a +0 cloak (worn)
Jewellery
 e - a ring of willpower (left hand)
 h - a ring of protection from cold
Scrolls
 b - 2 scrolls of identify {unknown}
 c - a scroll of amnesia {unknown}
 d - a scroll of fog {unknown}


   Skills:
 + Level 1.6 Fighting
 * Level 1.9 Short Blades
 + Level 0.9 Armour
 + Level 2.8 Dodging
 + Level 1.0 Stealth
 - Level 3.2 Unarmed Combat
 + Level 2.0 Spellcasting
 + Level 2.1 Transmutations


You had 6 spell levels left.
You knew the following spells:

 Your Spells              Type           Power      Damage    Failure   Level
a - Beastly Appendage     Tmut           14%        N/A       10%         1

Your spell library contained the following spells:

 Spells                   Type           Power      Damage    Failure   Level
 Wereblood                Tmut           7%         N/A       14%         2
 Spider Form              Tmut/Pois      4%         N/A       41%         3
 Ozocubu's Armour         Ice            1%         N/A       54%         3
 Ice Form                 Ice/Tmut       4%         N/A       82%         4
 Ozocubu's Refrigeration  Ice            0%         4d5       100%        7


Dungeon Overview and Level Annotations

Branches:
Dungeon (3/15)


Innate Abilities, Weirdness & Mutations

You have an increased reservoir of magic. (+10% MP)
You shall have no god before yourself.
Your divine heritage dramatically boosts your attributes as you level up.


Message History

You puncture the hound skeleton!
The hound skeleton is almost destroyed.
The gnoll shaman hits you with a +0 whip.
The gnoll completely misses you.
The hound skeleton bites you but does no damage.
You hit the hound skeleton.
You destroy the hound skeleton!
The bat misses you.
The gnoll shaman hits you with a +0 whip!
The gnoll hits you with a +0 whip!
The gnoll hits you from afar with a +0 spear!
* * * LOW HITPOINT WARNING * * *
The bat hits you but does no damage.
Things that are here:
a +0 club; a +0 ring mail; an orc corpse It was a potion of berserk rage.
A red film seems to cover your vision as you go berserk!
You feel yourself moving faster!
You feel mighty! The gnoll shaman completely misses you.
The bat closely misses you.
You completely miss the gnoll shaman. The bat barely misses you.
The gnoll shaman hits you with a +0 whip.
* * * LOW HITPOINT WARNING * * *
You puncture the gnoll shaman!
The gnoll shaman is almost dead.
The bat misses you.
You puncture the bat!
You kill the bat!
The gnoll shaman hits you with a +0 whip.
* * * LOW HITPOINT WARNING * * *
Your Stealth skill increases to level 1!
You hit the gnoll shaman.
You kill the gnoll shaman!
You closely miss the gnoll. You puncture the gnoll! You punch the gnoll.
You kill the gnoll!
You puncture the gnoll!
You kill the gnoll!
The gnoll closely misses you.
The gnoll zaps a wand.
The puff of flame hits you.
You die...

# ## ## #( ##.# ######.
##..# #...... #.@#
####.####. #.#)#
#.......#. ###)##
#.##.##.## #gg.#
#.##.##.# #...#
#.#..##.#
#...######.#.###(#
#........†.......#
######...#####.##.#.###
#....).........##.#.#
##


You could see 2 gnolls.

Vanquished Creatures
  A gnoll shaman (D:3)
  Crazy Yiuf (D:2)
  A hound skeleton (D:3)
  2 gnolls (D:3)
  An adder (D:2)
  A worm (D:2)
  3 dart slugs
  2 orcs
  7 bats
  2 endoplasms (D:1)
  2 giant cockroaches (D:2)
  2 goblins (D:1)
  4 hobgoblins
  7 jackals
  5 quokkas
  3 ball pythons
  2 frilled lizards
  3 kobolds
  5 rats
54 creatures vanquished.

Notes
Turn   | Place    | Note
-------+----------+-------------------------------------------
     0 | D:1      | crimpus the Demigod Transmuter began the quest for the Orb.
     0 | D:1      | Reached XP level 1. HP: 15/15 MP: 5/5
   119 | D:1      | Reached skill level 1 in Fighting
   510 | D:1      | Reached XP level 2. HP: 18/23 MP: 5/7
   683 | D:1      | Reached skill level 3 in Unarmed Combat
  1796 | D:2      | Reached XP level 3. HP: 18/28 MP: 6/8
  1963 | D:2      | Identified the +10 dagger of Terur {drain, SInv}
  2379 | D:2      | Found a runed translucent door.
  2380 | D:2      | Noticed Crazy Yiuf
  2386 | D:2      | Killed Crazy Yiuf
  2387 | D:2      | Reached skill level 1 in Short Blades
  2387 | D:2      | Reached XP level 4. HP: 26/35 MP: 3/9
  2919 | D:3      | HP: 2/52 [gnoll shaman/+0 whip (2)]
  2920 | D:3      | Reached skill level 1 in Stealth
  2924 | D:3      | Killed from afar by a gnoll

Illustrated notes

Levels and vault maps discovered:
D:1:      minmay_arrival_arboretum_small, layout_basic, serial_corexii_hall,
          corexii_hall_statues_s, chequers_hall_statues_y, minmay_tiny_reverse_x
D:2:      minmay_alternating_diamond, layout_loops_ring, uniq_crazy_yiuf_cottage
D:3:      layout_loops_cross, marbit_many_paths, uniq_sigmund

Skill      XL: |  1  2  3  4 |
---------------+-------------+-----
Fighting       | 1 |  1.6
Dodging        | 2 |  2.8
Unarmed Combat | 3 |  3.2
Transmutations | 2 |  2.1
Short Blades   | 1 |  1.9
Spellcasting   | 2 |  2.0
Stealth        | 1 |  1.0
Armour         | |  0.9

Action                   |  1- 3 |  4- 6 || total
-------------------------+-------+-------++-------
Melee: Unarmed           |    76 |       ||    76
       Kick              |    12 |       ||    12
       Headbutt          |     8 |       ||     8
       Punch             |     2 |     1 ||     3
       Dagger            |    29 |    23 ||    52
 Cast: Beastly Appendage |    11 |     1 ||    12
  Use: Potion            |       |     1 ||     1
 Stab: Sleeping          |     2 |       ||     2
Armor: Ring mail         |    20 |       ||    20
       Robe              |     4 |     4 ||     8
Dodge: Dodged            |    64 |    17 ||    81
